 Dungeon Crawl Stone Soup version 0.31.0-11-ge490571c62 (webtiles) character file.

Game seed: 6301082630197762582

7081 howech the Cleaver (level 10, 0/90 HPs)
             Began as a Minotaur Berserker on Feb 4, 2024.
             Was an Elder of Trog.
             Slain by a lemure (1 damage)
             ... led by Pikel
             ... on level 1 of the Lair of Beasts.
             The game lasted 00:24:34 (8733 turns).

howech the Cleaver (Minotaur Berserker)             Turns: 8733, Time: 00:24:35

Health: 0/90       AC: 13    Str: 22    XL:     10   Next: 84%
Magic:  9/9        EV: 11    Int:  6    God:    Trog [****..]
Gold:   412        SH:  0    Dex: 15    Spells: 9/9 levels left

rFire   + . .        b - +4 spear
rCold   . . .        (no shield)
rNeg    . . .        E - +0 chain mail
rPois   .            (helmet restricted)
rElec   .            (no cloak)
rCorr   .            z - +0 pair of gloves
SInv    .            F - +0 pair of boots
Will    +....        m - amulet of regeneration Stlth
                     I - ring of Greed {rF+ Dex+3}
HPRegen 1.15/turn    J - ring of willpower
MPRegen 0.11/turn

%: clarity
@: studying Unarmed Combat
A: horns 2, retaliatory headbutt, clarity, noise suppression
a: Renounce Religion, Berserk, Trog's Hand, Brothers in Arms


You were on level 1 of the Lair of Beasts.
You worshipped Trog.
Trog was greatly pleased with you.
You visited 3 branches of the dungeon, and saw 11 of its levels.
You also visited: Ossuary.

You collected 412 gold pieces.

Inventory:

Hand Weapons
 a - a +0 hand axe
 b - a +4 spear (weapon)
Missiles
 v - 16 poisoned darts (quivered)
 D - 6 boomerangs
Armour
 k - a +2 leather armour of cold resistance
 z - a +0 pair of gloves (worn)
 E - a +0 chain mail (worn)
 F - a +0 pair of boots (worn)
Jewellery
 c - a ring of poison resistance
 m - an amulet of regeneration (around neck)
 H - a ring of fire
 I - the ring of Greed (left hand) {rF+ Dex+3}
   (You found it on level 8 of the Dungeon)

   [ring of protection from fire]

   Dex+3:     It affects your dexterity (+3).
   rF+:       It protects you from fire.
 J - a ring of willpower (right hand)
 L - a ring of fire
Wands
 d - a wand of flame (34)
 g - a wand of paralysis (2)
 o - a wand of roots (12)
 K - a wand of acid (3)
Scrolls
 e - 5 scrolls of teleportation
 f - a scroll of silence
 j - a scroll of enchant armour
 n - a scroll of enchant weapon {unknown}
 p - 4 scrolls of revelation
 s - 2 scrolls of poison {unknown}
 u - 4 scrolls of fear
 y - a scroll of blinking {unknown}
 A - a scroll of amnesia {unknown}
 C - a scroll of brand weapon {unknown}
Potions
 h - 7 potions of curing
 i - a potion of magic {unknown}
 l - 2 potions of might
 r - 2 potions of heal wounds
 t - 3 potions of ambrosia
 G - a potion of resistance


   Skills:
 + Level 8.7 Fighting
 * Level 11.4 Axes
 + Level 8.3 Armour
 + Level 7.2 Dodging
 + Level 7.4 Shields
 - Level 5.0 Evocations


You had 9 spell levels left.
You didn't know any spells.
Your spell library was empty.

Dungeon Overview and Level Annotations

Branches:
Dungeon (9/15)             Temple (1/1) D:7            Lair (1/5) D:9
Ossuary (visited)
    Orc: D:9-12

Altars:
Ashenzari
Cheibriados
Dithmenos
Elyvilon
Fedhas
Gozag
Hepliaklqana
Kikubaaqudgha
Makhleb
Nemelex Xobeh
Okawaru
Qazlal
Ru
Sif Muna
Vehumet
Wu Jian
Xom
Yredelemnul
Zin
The Shining One

Shops:
D:2 !

Annotations:
D:9 Pikel


Innate Abilities, Weirdness & Mutations

You have a pair of horns on your head.
You reflexively headbutt those who attack you in melee.
You possess an exceptional clarity of mind.
You passively dampen the noise of your surroundings.


Message History

The black bear bites you. The black bear closely misses you.
The black bear barely misses you. The lemure hits you.
You barely miss the black bear.
The black bear bites you but does no damage.
The black bear claws you but does no damage. x2
You hit the black bear.
You headbutt the black bear, but do no damage.
The black bear is lightly wounded.
The lemure barely misses you. The lemure hits you.
The lemure attacks as it pursues you! The lemure hits you but does no damage.
The lemure attacks as it pursues you! The lemure barely misses you.
You furiously retaliate!
You headbutt the lemure! The lemure attacks as it pursues you!
The lemure closely misses you. The lemure hits you.
* * * LOW HITPOINT WARNING * * *
There is a staircase to the Lair here.
Unknown command.
The lemure hits you but does no damage. The lemure hits you!
* * * LOW HITPOINT WARNING * * *
The lemure hits you.
* * * LOW HITPOINT WARNING * * *
You climb downwards.
Welcome to the Lair of Beasts!
Found a war axe.
There is a staircase back to the Dungeon here.
The lemure attacks as it pursues you! The lemure misses you.
The lemure barely misses you.
You miss the lemure.
The lemure is almost dead.
You are no longer corroded.
The lemure completely misses you. You furiously retaliate!
You headbutt the lemure. The lemure hits you but does no damage.
The lemure closely misses you.
The electric eel shoots out a bolt of lightning at you!
The bolt of electricity hits the lemure.
The bolt of electricity hits you!
* * * LOW HITPOINT WARNING * * *
The bolt of electricity hits you!
* * * LOW HITPOINT WARNING * * *
The lemure hits you.
You die...

#.# .. #.# ..#
#.# #..### ..#
#...≈≈###.#
#.~~~≈....##
.~~≈≈≈~~...#
.~≈≈≈~~..@###.#
.~≈≈≈S~555....#
.~≈≈≈≈S...##.##
.≈~≈≈≈≈~..# #
.)~≈≈S≈~≈.P#
#.~~~≈~~.###
....~~~.##
.###...## ####


You could see 3 lemures and 3 electric eels.

Vanquished Creatures
  Erolcha (D:9)
  A deep elf pyromancer (D:7)
  Joseph (D:7)
  Jeremiah (D:6)
  An unseen horror (D:7)
  A rime drake (D:9)
  14 yaks
  A sky beast (D:8)
  2 black bears (D:7)
  4 ice beasts
  A wolf (D:9)
  4 centaurs
  A phantom (D:6)
  A kobold brigand (D:9)
  A bullfrog (D:9)
  A gnoll sergeant (D:7)
  3 scorpions
  6 killer bees (D:8)
  2 electric eels (D:9)
  A jelly (D:7)
  A bombardier beetle (D:3)
  A centaur zombie (Ossuary)
  4 hounds
  6 human zombies (Ossuary)
  2 orc priests
  A sleepcap (D:6)
  Jessica (D:3)
  Ijyb (D:3)
  2 iguanas
  7 orc wizards
  5 hound zombies (Ossuary)
  2 mummies (Ossuary)
  10 gnolls
  9 adders
  2 shadow imps
  2 white imps (D:6)
  5 ufetubi
  6 adder zombies (Ossuary)
  A ribbon worm (D:3)
  4 dart slugs
  16 orcs
  6 ball pythons
  5 bats
  6 endoplasms
  6 giant cockroaches
  2 gnoll zombies (Ossuary)
  7 hobgoblins
  4 jackals (D:2)
  12 kobolds
  5 quokkas
  5 frilled lizards
  9 goblins
  A goblin zombie (D:4)
  7 jackal zombies (Ossuary)
  2 kobold zombies (Ossuary)
  8 orc zombies (Ossuary)
  A quokka zombie (D:4)
  3 rats (D:1)
225 creatures vanquished.

Notes
Turn   | Place    | Note
-------+----------+-------------------------------------------
     0 | D:1      | howech the Minotaur Berserker began the quest for the Orb.
     0 | D:1      | Reached XP level 1. HP: 19/19 MP: 0/0
   181 | D:1      | Reached XP level 2. HP: 25/27 MP: 1/1
   324 | D:1      | Reached skill level 4 in Axes
   457 | D:1      | Reached skill level 1 in Shields
   457 | D:1      | Reached XP level 3. HP: 28/33 MP: 2/2
   844 | D:1      | Reached ** piety under Trog
  1118 | D:2      | Reached skill level 1 in Evocations
  1118 | D:2      | Reached XP level 4. HP: 16/40 MP: 3/3
  1519 | D:2      | Found Gyonob's Distillery.
  1815 | D:2      | You fall into a shaft and drop 1 floor!
  1825 | D:3      | Reached XP level 5. HP: 43/47 MP: 4/4
  1875 | D:3      | Noticed Jessica
  1876 | D:3      | Noticed Ijyb
  1876 | D:3      | Paralysed by Ijyb for 3 turns
  1883 | D:3      | Killed Jessica
  1886 | D:3      | Killed Ijyb
  1887 | D:3      | Reached skill level 5 in Axes
  1911 | D:3      | Found a snail-covered altar of Cheibriados.
  2999 | D:4      | Reached XP level 6. HP: 53/53 MP: 5/5
  3246 | D:4      | Found an opulent altar of Gozag.
  3378 | D:4      | Found a sand-covered staircase.
  3389 | Ossuary  | Entered an ossuary
  3494 | Ossuary  | Reached *** piety under Trog
  3567 | Ossuary  | Reached skill level 5 in Fighting
  3582 | Ossuary  | Reached XP level 7. HP: 58/61 MP: 6/6
  3595 | Ossuary  | Reached skill level 6 in Axes
  4004 | D:4      | Reached **** piety under Trog
  4301 | D:5      | Entered Level 5 of the Dungeon
  4846 | D:5      | Reached XP level 8. HP: 68/69 MP: 7/7
  5051 | D:6      | Reached skill level 7 in Axes
  5051 | D:6      | Reached skill level 5 in Armour
  5091 | D:6      | Found a broken altar of Ashenzari.
  5108 | D:6      | Found a glowing golden altar of the Shining One.
  5145 | D:6      | Noticed Jeremiah
  5190 | D:6      | Killed Jeremiah
  5555 | D:6      | Reached skill level 8 in Axes
  5666 | D:6      | Reached skill level 5 in Dodging
  6315 | D:7      | Noticed Joseph
  6325 | D:7      | Killed Joseph
  6326 | D:7      | Reached skill level 5 in Shields
  6326 | D:7      | Reached XP level 9. HP: 78/78 MP: 8/8
  6371 | D:7      | Noticed a deep elf pyromancer
  6650 | D:7      | Killed an unseen horror
  6704 | D:7      | Killed a deep elf pyromancer
  6705 | D:7      | Reached skill level 9 in Axes
  6720 | D:7      | Found a staircase to the Ecumenical Temple.
  7139 | D:7      | Found a stormy altar of Qazlal.
  7382 | Temple   | Entered the Ecumenical Temple
  7723 | D:8      | Reached XP level 10. HP: 79/86 MP: 9/9
  7735 | D:8      | Identified the ring of Greed {rF+ Dex+3}
  7967 | D:8      | Reached skill level 10 in Axes
  8090 | D:8      | Gained mutation: You possess an exceptional clarity of
                  | mind. [potion of mutation]
  8090 | D:8      | Gained mutation: You passively dampen the noise of your
                  | surroundings. [potion of mutation]
  8142 | D:9      | Reached skill level 5 in Evocations
  8253 | D:9      | Noticed Erolcha
  8281 | D:9      | Killed Erolcha
  8282 | D:9      | Reached skill level 11 in Axes
  8684 | D:9      | Found a staircase to the Lair.
  8702 | D:9      | Noticed Pikel
  8730 | Lair:1   | Entered Level 1 of the Lair of Beasts
  8733 | Lair:1   | HP: 1/90 [electric eel/bolt of electricity (9)]
  8733 | Lair:1   | Slain by a lemure

Illustrated notes

Levels and vault maps discovered:
D:1:      nicolae_arrival_memento_mori, layout_basic, minmay_tetromino_t2
D:2:      layout_basic, serial_shops, nicolae_shop_rolling_square,
          serial_bayou_lagoon_a, minmay_split_cup_large
D:3:      mumra_celtic_spiral_tile, layout_rooms, mainiacjoe_overflow_boulevard,
          uniq_jessica, uniq_ijyb
D:4:      minmay_evil_eye, layout_loops_corners, mainiacjoe_overflow_alcove_1,
          enter_ossuary_4, hangedman_feature_mirror, st_stairs_7,
          chequers_serial_rivers_small_a
D:5:      layout_gridville
D:6:      layout_basic, mainiacjoe_overflow_large_starburst, chequers_avenue,
          minmay_chambers_of_fives, uniq_jeremiah
D:7:      layout_gridville, lemuel_doored_altar, minmay_temple_entry_trees,
          minmay_manual_moon, uniq_joseph
D:8:      layout_loops_cross
D:9:      layout_basic, trog_ov_bears_minmay, hellmonk_lair_entry_icy,
          chequers_serial_rivers_marsh, kennysheep_generic_room_14,
          uniq_erolcha, uniq_pikel
Temple:   hellmonk_temple_two_chambers
Lair:1:   layout_loops_ring, gammafunk_ghost_hive, serial_bayou_shore_b,
          infiniplex_staircase_pool, lemuel_fruit_tree, serial_bayou_shore_a,
          serial_bayou_shore_b, uniq_nergalle, uniq_gastronok, uniq_amaemon

Skill      XL: |  1  2  3  4  5  6  7  8  9 10 |
---------------+-------------------------------+-----
Axes           | 4 5 6 8 9 11 | 11.4
Shields        | 1 2 3 5 6 7 |  7.4
Armour         | 3 4 6 7 8 |  8.3
Fighting       | 4 5 6 7 8 |  8.7
Evocations     | 1 2 3 4 5 |  5.0
Dodging        | 3 4 5 6 7 |  7.2

Action                     |  1- 3 |  4- 6 |  7- 9 | 10-12 || total
---------------------------+-------+-------+-------+-------++-------
  Melee: Hand axe          |    61 |   152 |    41 |       ||   254
         Headbutt          |     7 |    35 |    58 |    39 ||   139
         Punch             |       |     1 |     5 |     2 ||     8
         Spear             |       |    55 |   316 |   167 ||   538
  Throw: Dart              |       |       |     2 |       ||     2
 Invoke: Trog's Hand       |       |     1 |     4 |     2 ||     7
         Berserk           |       |     1 |     3 |     1 ||     5
  Evoke: Wand              |       |       |       |     2 ||     2
    Use: Scroll            |       |       |     9 |     1 ||    10
         Potion            |       |       |       |     7 ||     7
 Armour: Leather armour    |    49 |    28 |       |       ||    77
         Animal skin       |     2 |       |       |       ||     2
         Ring mail         |       |   112 |   156 |       ||   268
         Chain mail        |       |       |   177 |   127 ||   304
  Dodge: Dodged            |    38 |   124 |   178 |    58 ||   398
